 Dungeon Crawl Stone Soup version 0.32-a0-738-g1a05c61809 (webtiles) character file.

Game seed: 9210914629163136143

53 Descartes the Chopper (level 3, 0/31 HPs)
             Began as a Mountain Dwarf Chaos Knight on Mar 17, 2024.
             Was a Plaything of Xom.
             Slain by an iguana (7 damage)
             ... on level 3 of the Dungeon.
             The game lasted 00:01:58 (1252 turns).

Descartes the Chopper (Mountain Dwarf Chaos Knight) Turns: 1252, Time: 00:01:58

Health: 0/31       AC:  8    Str: 20    XL:     3   Next: 62%
Magic:  3/3        EV: 10    Int: 11    God:    Xom [...*..]
Gold:   71         SH:  0    Dex:  8    Spells: 2/2 levels left

rFire   . . .        a - +0 hand axe (chaos)
rCold   . . .        (no shield)
rNeg    . . .        b - +2 leather armour
rPois   .            (no helmet)
rElec   .            (no cloak)
rCorr   .            (no gloves)
SInv    .            m - +0 pair of boots
Will    +....        (no amulet)
Stlth   +            (no ring)
HPRegen 0.25/turn    (no ring)
MPRegen 0.08/turn

%: no passive effects
@: no status effects
A: runic magic, artefact enchanting, iridescent scales 1, strong-willed 1,
strong 1
a: Renounce Religion


You were on level 3 of the Dungeon.
You worshipped Xom.
You were a favourite toy of Xom.
You visited 1 branch of the dungeon, and saw 3 of its levels.

You collected 71 gold pieces.

Inventory:

Hand Weapons
 a - a +0 hand axe of chaos (weapon)
Missiles
 l - 6 poisoned darts (quivered)
Armour
 b - a +2 leather armour (worn)
 m - a +0 pair of boots (worn)
Scrolls
 c - a scroll of butterflies
 d - 5 scrolls of identify {unknown}
 f - 4 scrolls of teleportation {unknown}
 j - 2 scrolls of poison {unknown}
Potions
 e - a potion of resistance {unknown}
 g - a potion of brilliance {unknown}
 h - 2 potions of curing {unknown}
 i - a potion of attraction {unknown}
 k - a potion of mutation {unknown}


   Skills:
 - Level 3.2 Fighting
 + Level 5.6 Axes
 - Level 2.1 Armour
 - Level 0.6 Dodging


You had 2 spell levels left.
You didn't know any spells.
Your spell library contained the following spells:

 Spells                   Type           Power      Damage    Failure   Level
 Summon Forest            Summ/Tloc      0%         N/A       100%        5
 Summon Mana Viper        Hex/Summ       0%         N/A       100%        5
 Summon Cactus Giant      Summ           0%         N/A       100%        6


Dungeon Overview and Level Annotations

Branches:
Dungeon (3/15)

Altars:


Innate Abilities, Weirdness & Mutations

Your spellcasting is much less encumbered by armour.
You can use scrolls of enchantment on lesser artefacts.
You are partially covered in iridescent scales. (AC +2)
You are strong-willed. (Will+)
Your muscles are strong. (Str +4, Int/Dex -1)


Message History

Iridescent scales grow over part of your body.
Found a pair of boots.
Found 8 gold pieces.
You see here a +0 pair of boots.
m - a +0 pair of boots You start putting on your armour.
You continue putting on your +0 pair of boots. x4
You finish putting on your +0 pair of boots.
Okay, then.
Search for what [? for help]? ..
You now have 71 gold pieces (gained 8).
There is an escape hatch in the floor here.
Done exploring.
Done exploring.
There is a stone staircase leading down here.
You can't go up here!
You climb downwards.
There is a stone staircase leading up here.
An iguana comes into view.
The iguana hisses angrily.
The iguana hisses menacingly.
The iguana bites you!
You hit the iguana but do no damage. The iguana misses you.
You barely miss the iguana. The iguana bites you.
You barely miss the iguana. The iguana closely misses you.
You closely miss the iguana.
The iguana bites you but does no damage.
You barely miss the iguana. The iguana bites you.
You completely miss the iguana.
The iguana bites you but does no damage.
You slash the iguana! You burn the iguana.
The iguana is heavily wounded.
The iguana bites you!
* * * LOW HITPOINT WARNING * * *
You are too injured to fight recklessly!
An iguana is nearby!
You hit the iguana.
The iguana seems to speed up.
The iguana is almost dead.
The iguana bites you!
You die...

##############
#.....<.......
#.############
#.#.# #@.#
#l## #.. #.#.
#.#.# #.# #
#.# #.#


You could see an iguana (fast).

Vanquished Creatures
  3 dart slugs
  A ribbon worm (D:2)
  7 ball pythons
  4 bats (D:1)
  3 endoplasms
  A giant cockroach (D:1)
  5 goblins
  4 hobgoblins
  4 kobolds
  2 quokkas
  3 frilled lizards (D:1)
  4 rats
41 creatures vanquished.

Notes
Turn   | Place    | Note
-------+----------+-------------------------------------------
     0 | D:1      | Descartes the Mountain Dwarf Chaos Knight began the quest
                  | for the Orb.
     0 | D:1      | Reached XP level 1. HP: 19/19 MP: 1/1
    15 | D:1      | XOM: potion effect (attraction)
    21 | D:1      | Reached skill level 4 in Axes
    24 | D:1      | XOM: 3-stop teleportation journey
    25 | D:1      | XOM: noise
    30 | D:1      | Reached XP level 2. HP: 16/26 MP: 2/2
   261 | D:1      | Reached skill level 5 in Axes
   313 | D:1      | Reached XP level 3. HP: 31/31 MP: 3/3
   780 | D:2      | XOM: stealth player
  1049 | D:2      | XOM: god gift: flail {god gift}
  1098 | D:2      | XOM: give mutations
  1098 | D:2      | Gained mutation: You are strong-willed. (Will+) [Xom's
                  | grace]
  1098 | D:2      | Gained mutation: Your muscles are strong. (Str +4, Int/Dex
                  | -1) [Xom's grace]
  1098 | D:2      | Gained mutation: You are partially covered in iridescent
                  | scales. (AC +2) [Xom's grace]
  1252 | D:3      | Slain by an iguana

Illustrated notes

Levels and vault maps discovered:
D:1:      nicolae_arrival_washed_ashore, layout_basic, wad_floor_pattern_2
D:2:      layout_rooms, minmay_tromino_v4_a
D:3:      layout_loops_ring, minmay_misc_feat_rugged, minivault_27

Skill      XL: |  1  2 |
---------------+-------+-----
Axes           | 4 5 |  5.6
Fighting       | |  3.2
Armour         | |  2.1
Dodging        | |  0.6

Action                     || total
---------------------------++-------
  Melee: Hand axe          ||   108
   Stab: Sleeping          ||     1
 Armour: Leather armour    ||    98
  Dodge: Dodged            ||    51

Table legend: (Time is in decaauts)
 A = Elapsed time spent in this place.
 B = Non-inter-level travel time spent in this place.
 C = Inter-level travel time spent in this place.
 D = Time resting spent in this place.
 E = Time spent auto-exploring this place.
 F = Levels seen in this place.
 G = Mean time per level.
                   A        B        C        D        E       F      G
               +--------+--------+--------+--------+--------+-----+--------+
         Total |   1258 |   1198 |     60 |      0 |    936 |   3 |  419.3 |
       Dungeon |   1258 |   1198 |     60 |      0 |    936 |   3 |  419.3 |
               +--------+--------+--------+--------+--------+-----+--------+

Top non-repeatable levels by time:
     D:1: 786 daAuts
     D:2: 456 daAuts
     D:3: 14 daAuts
